 Dungeon Crawl Stone Soup version 0.14-a0-30-gf0b6e91 (webtiles) character file.

192 PolkaDot the Stinger (level 4, -1/30 HPs)
             Began as a Vampire Venom Mage on Sept 27, 2013.
             Slain by a jackal (2 damage)
             ... on Level 3 of the Dungeon.
             The game lasted 00:05:09 (1861 turns).

PolkaDot the Stinger (Vampire Venom Mage)           Turns: 1861, Time: 00:05:09

HP  -1/30        AC  2     Str  7      XL: 4   Next: 23%
MP   8/8         EV 12     Int 18      God:
Gold 108         SH  0     Dex 14      Spells:  1 memorised,  4 levels left

Res.Fire  : . . .   See Invis. : +   e - +1,+2 short sword (venom)
Res.Cold  : . . .   Warding    : .   a - +0 robe
Life Prot.: . . .   Conserve   : .   (no shield)
Res.Poison: .       Res.Corr.  : .   k - +0 cap
Res.Elec. : .       Clarity    : .   (no cloak)
Sust.Abil.: . .     Spirit.Shd : .   (no gloves)
Res.Mut.  : .       Stasis     : .   (no boots)
Res.Rott. : .       Flight     : .   (no amulet)
Saprovore : . . .                    (no ring)
                                     (no ring)

@: regenerating quickly, slightly resistant to hostile enchantments, stealthy
A: fangs 3, see invisible, unbreathing
a: no special abilities


You were on level 3 of the Dungeon.
You were very full.

You visited 1 branch of the dungeon, and saw 3 of its levels.

You collected 88 gold pieces.

Inventory:

Hand weapons
 e - a +1,+2 short sword of venom (weapon)
Armour
 a - a +0 robe (worn)
 k - a +0 cap (worn)
Scrolls
 c - a scroll of teleportation {unknown}
 d - a scroll of noise {unknown}
 f - 2 scrolls of identify {unknown}
 j - a scroll of blinking {unknown}
 l - a scroll of recharging {unknown}
 m - a scroll of fog {unknown}
Potions
 g - 2 potions of heal wounds {unknown}
 h - 2 potions of curing {unknown}
 i - a potion of might {unknown}
Books
 b - a Young Poisoner's Handbook

   Spells                             Type                      Level
   *Sting                             Conjuration/Poison           1
   Cure Poison                        Poison                       2
   Mephitic Cloud                     Conjuration/Poison/Air       3
   Olgreb's Toxic Radiance            Poison                       4
   Venom Bolt                         Conjuration/Poison           5


   Skills:
 - Level 2.1 Dodging
 - Level 3.0 Stealth
 + Level 1.0 Spellcasting
 * Level 5.2 Poison Magic


You had 4 spell levels left.
You knew the following spells:

 Your Spells              Type           Power        Failure   Level  Hunger
a - Sting                 Conj/Pois      ##..         10%         1    ##.....


Dungeon Overview and Level Annotations

Branches:
Dungeon (3/27)

Altars:


Innate Abilities, Weirdness & Mutations

Your natural rate of healing is unusually fast.
You have razor-sharp teeth.*
You have supernaturally acute eyesight.
You can survive without breathing.*


Message History

You kill the jackal!
The jackal barks!
The jackal bites you. The orc barely misses you.
You see here a jackal corpse.
You hit the orc.
The orc is severely wounded.
The jackal bites you.
The orc hits you with an orcish hand axe!
* * * LOW HITPOINT WARNING * * *
The jackal bites you.
* * * LOW HITPOINT WARNING * * *
The jackal bites you.
* * * LOW HITPOINT WARNING * * *
You hit the jackal.
The jackal is poisoned.
The jackal is moderately wounded.
The jackal bites you.
* * * LOW HITPOINT WARNING * * *
The jackal bites you.
You die...

#.............
#.........####
.#####.........#
#..g#...#.........#
#...#...#....)....#
#...#...#.###.########
#...#................#
#...#...#.###.######.#
#...#@###.###.######.#
###...#h#
#......(......
#.....(o#
####.....###.#
#.......# #.....###.#
#.......# #..........
#...%...# #...%.##...
#.......# #.....# ..
#.......# #######
#.......#


You could see an orc and a jackal.

Vanquished Creatures
  A giant mite (D:2)
  3 worms
  An ooze (D:1)
  10 bats
  3 hobgoblins
  6 kobolds
  A quokka (D:2)
  2 ball pythons (D:2)
  A giant cockroach (D:1)
  3 giant geckos (D:2)
  A giant newt (D:2)
  6 goblins
  8 jackals
  9 rats
55 creatures vanquished.

Notes
Turn   | Place    | Note
--------------------------------------------------------------
     0 | D:1      | PolkaDot, the Vampire Venom Mage, began the quest for the Orb.
     0 | D:1      | Reached XP level 1. HP: 13/13 MP: 4/4
   144 | D:1      | Reached skill level 4 in Poison Magic
   422 | D:1      | Reached XP level 2. HP: 19/19 MP: 5/5
   984 | D:2      | Reached XP level 3. HP: 24/24 MP: 6/6
  1331 | D:2      | Reached skill level 5 in Poison Magic
  1603 | D:2      | Reached XP level 4. HP: 17/30 MP: 8/8
  1861 | D:3      | HP: 1/30 [jackal (2)]
  1861 | D:3      | Slain by a jackal

Action                   |  1- 3 |  4- 6 || total
-------------------------+-------+-------++-------
Melee: Short sword       |   108 |    14 ||   122
       Unarmed           |     9 |       ||     9
 Cast: Sting             |    11 |       ||    11
  Use: Potion            |     1 |       ||     1
 Stab: Sleeping          |     8 |     1 ||     9
